 Seeded DCSS version 0.29.1-15-g9cfb28693d (webtiles) character file.

Game seed: 12299140089186560016 (custom seed)

310 Gelion the Cudgeller (level 6, 0/63 HPs)
             Began as an Ogre Gladiator on Mar 15, 2023.
             Succumbed to a scorpion's poison
             ... on level 4 of the Dungeon.
             The game lasted 00:07:38 (3996 turns).

Gelion the Cudgeller (Ogre Gladiator)               Turns: 3996, Time: 00:07:38

Health: 0/63       AC:  3    Str: 21    XL:     6   Next: 41%
Magic:  6/6        EV: 10    Int:  9    God:
Gold:   180        SH:  0    Dex: 10    Spells: 5/5 levels left

rFire   . . .      SeeInvis .   a - +0 flail
rCold   . . .      Faith    .   (no shield)
rNeg    . . .      Spirit   .   b - +0 robe
rPois   .          Reflect  .   c - +0 hat
rElec   .          Harm     .   (no cloak)
rCorr   .          Rampage  .   (gloves unavailable)
Will    .....                   (boots unavailable)
Stlth   +.........              (no amulet)
HPRegen 0.20/turn               (no ring)
MPRegen 0.10/turn               (no ring)

@: lethally poisoned (0 -> -12)
A: large, unfitting armour, tough skin 1
a: no special abilities


You were on level 4 of the Dungeon.
You visited 1 branch of the dungeon, and saw 4 of its levels.

You collected 180 gold pieces.

Inventory:

Hand Weapons
 a - a +0 flail (weapon)
Missiles
 d - 2 throwing nets (quivered)
 e - a large rock
 k - 4 datura-tipped darts
 l - 8 poisoned darts
 m - a boomerang
Armour
 b - a +0 robe (worn)
 c - a +0 hat (worn)
Wands
 t - a wand of paralysis (4)
Scrolls
 f - a scroll of acquirement {unknown}
 h - 2 scrolls of magic mapping
 j - a scroll of butterflies
 p - 2 scrolls of poison
 r - a scroll of blinking {unknown}
 s - a scroll of teleportation
Potions
 q - a potion of haste
 u - a potion of resistance


   Skills:
 + Level 4.4 Fighting
 * Level 4.5 Maces & Flails
 + Level 3.3 Throwing
 + Level 3.7 Dodging


You had 5 spell levels left.
You didn't know any spells.
Your spell library was empty.

Dungeon Overview and Level Annotations

Branches:
Dungeon (4/15)
 Temple: D:4-7

Altars:
Ashenzari
Cheibriados
Trog
Uskayaw
Vehumet
Wu Jian
Xom

Annotations:
D:3 2 transporters, person50605's ghost, weakling DENe


Innate Abilities, Weirdness & Mutations

You are too large for most types of armour.
You have tough skin. (AC +1)


Message History

The scorpion poisons you!
You hit the scorpion.
The scorpion is severely wounded.
You feel very sick. The scorpion stings you.
You barely miss the scorpion.
The scorpion is severely wounded.
You feel very sick. The scorpion stings you.
You are lethally poisoned!
The scorpion poisons you! The scorpion stings you.
* * * LOW HITPOINT WARNING * * *
Throw: boomerang
Press: ? - help, Q - select action, (/) - cycle Shift-Dir - straight line, f - scorpion
Aim: a scorpion (severely wounded, 59% to hit)
Okay, then.
Okay, then.
Throw: 3 throwing nets
Press: ? - help, Q - select action, (/) - cycle Shift-Dir - straight line, f - scorpion
Aim: a scorpion (severely wounded, 59% to hit)
You throw a throwing net. The throwing net hits the scorpion.
The scorpion is caught in the net!
The scorpion is severely wounded.
* * * LOW HITPOINT WARNING * * *
You feel very sick.
The scorpion struggles against the net.
You strike the helpless scorpion from behind!
You sock the scorpion!
You kill the scorpion!
* * * LOW HITPOINT WARNING * * *
You feel very sick. The giant cockroach closely misses you.
You hit the giant cockroach.
The giant cockroach is moderately wounded.
* * * LOW HITPOINT WARNING * * *
You feel very sick. The giant cockroach closely misses you.
You hit the giant cockroach.
The giant cockroach is heavily wounded.
You die...

.# ...!.......
##.......#...
#..#.........
#.##..$......
#.##.........
#.##.........
#@##.........
#B##.........
####.##.........
#.....)B........
##............##.
##...............
##........##...>...
#..........#.#.....
#..........#.#.....


You could see a giant cockroach.

Vanquished Creatures
  A scorpion (D:4)
  An orc priest (D:3)
  2 hounds
  An orc wizard (D:3)
  3 adders
  4 shadow imps (D:3)
  2 dart slugs (D:1)
  4 orcs (D:3)
  5 endoplasms
  3 giant cockroaches
  2 goblins
  13 hobgoblins
  3 jackals (D:1)
  2 quokkas
  6 ball pythons
  3 bats
  6 frilled lizards
  10 kobolds
  4 rats
75 creatures vanquished.

Notes
Turn   | Place    | Note
-------+----------+-------------------------------------------
     0 | D:1      | Gelion the Ogre Gladiator began the quest for the Orb.
     0 | D:1      | Reached XP level 1. HP: 22/22 MP: 1/1
   215 | D:1      | Reached XP level 2. HP: 28/29 MP: 2/2
   676 | D:1      | Reached XP level 3. HP: 30/37 MP: 3/3
  1984 | D:2      | Reached XP level 4. HP: 38/45 MP: 4/4
  2213 | D:3      | Found a transporter.
  2245 | D:3      | HP: 2/45 [poisoned by an adder]
  2563 | D:3      | Reached XP level 5. HP: 4/54 MP: 5/5
  2852 | D:3      | Found a transporter.
  2853 | D:3      | Noticed an ogre
  2853 | D:3      | Noticed an ogre
  2853 | D:3      | Noticed person50605's ghost (weakling DENe)
  2854 | D:3      | Identified the +10 giant spiked club "Ylappur" {flame,
                  | rElec Str+5}
  2854 | D:3      | Noticed an ogre
  2870 | D:3      | Found a transporter.
  3024 | D:3      | Found a bloodstained altar of Trog.
  3029 | D:3      | Found a shimmering altar of Xom.
  3030 | D:3      | Found a broken altar of Ashenzari.
  3030 | D:3      | Found a radiant altar of Vehumet.
  3031 | D:3      | Found a hide-covered altar of Uskayaw.
  3032 | D:3      | Found a snail-covered altar of Cheibriados.
  3147 | D:3      | Found a transporter.
  3493 | D:3      | Found an ornate altar of the Wu Jian Council.
  3989 | D:4      | Reached XP level 6. HP: 45/62 MP: 6/6
  3995 | D:4      | HP: 3/63 [poisoned by a scorpion]
  3996 | D:4      | Succumbed to a scorpion's poison

Illustrated notes

Levels and vault maps discovered:
D:1:      erik_arrival_triangle_medium, layout_loops_cross
D:2:      layout_loops_corners
D:3:      gammafunk_wand_slinger, layout_loops_ring, nzn_wu_jian_council_hall,
          minitemple, gammafunk_ghost_smash, minmay_ruptured
D:4:      layout_rooms

Skill      XL: |  1  2  3  4  5 |
---------------+----------------+-----
Fighting       | 3 4 |  4.4
Maces & Flails | 3 4 |  4.5
Dodging        | 3 |  3.7
Throwing       | 3 |  3.3

Action                   |  1- 3 |  4- 6 || total
-------------------------+-------+-------++-------
Melee: Flail             |   134 |   110 ||   244
Throw: Boomerang         |       |    35 ||    35
       Throwing net      |       |     1 ||     1
  Use: Potion            |       |     2 ||     2
       Scroll            |       |     9 ||     9
 Stab: Distracted        |       |     1 ||     1
       Held in net/web   |       |     1 ||     1
Armor: Robe              |    39 |    31 ||    70
Dodge: Dodged            |    78 |    77 ||   155
